 Dungeon Crawl Stone Soup version 0.25-a0-566-g062765be81 (webtiles) character file.

Game seed: 13971423698511602106, levelgen mode: classic

1921 EnegeticOcto the Chopper (level 8, -8/78 HPs)
             Began as a Deep Dwarf Fighter on Feb 27, 2020.
             Mangled by an ogre
             ... wielding a +0 giant spiked club
              (19 damage)
             ... on level 6 of the Dungeon.
             The game lasted 00:01:51 (2483 turns).

EnegeticOcto the Chopper (Deep Dwarf Fighter)       Turns: 2483, Time: 00:01:51

Health: -8/78      AC: 10    Str: 22    XL:     8   Next: 96%
Magic:  5/5        EV: 10    Int:  9    God:
Gold:   232        SH: 10    Dex: 12    Spells: 7/7 levels left

rFire    . . .     SeeInvis .   q - +0 war axe (vorpal)
rCold    . . .     Gourm    .   c - +0 kite shield
rNeg     . . .     Faith    .   b - +0 scale mail
rPois    .         Spirit   .   (no helmet)
rElec    .         Reflect  .   (no cloak)
rCorr    .         Harm     .   (no gloves)
MR       +....                  f - +2 pair of boots
Stlth    ..........             (no amulet)
HPRegen  0.00/turn              (no ring)
MPRegen  0.09/turn              (no ring)

@: non-regenerating
A: damage resistance, heal wounds, sense surroundings 1, no regeneration
a: Heal Wounds


You were on level 6 of the Dungeon.
You were very hungry.

You visited 1 branch of the dungeon, and saw 6 of its levels.

You collected 232 gold pieces.

Inventory:

Hand Weapons
 q - a +0 vorpal war axe (weapon)
Armour
 b - a +0 scale mail (worn)
 c - a +0 kite shield (worn)
 f - a +2 pair of boots (worn)
Wands
 t - a wand of polymorph (10)
 u - a wand of acid (5) {@v1}
Scrolls
 a - a scroll of random uselessness {unknown}
 d - 6 scrolls of identify {unknown}
 g - 2 scrolls of remove curse {unknown}
 h - 2 scrolls of teleportation {unknown}
 l - a scroll of noise {unknown}
 n - 2 scrolls of blinking {unknown}
 p - 2 scrolls of immolation {unknown}
 r - a scroll of fog {unknown}
Potions
 i - 2 potions of curing {unknown}
 j - a potion of berserk rage {unknown}
 k - a potion of might {@q3}
 m - a potion of degeneration {unknown}
 o - a potion of heal wounds {unknown}
 s - a potion of lignification {unknown}
 v - a potion of brilliance {unknown}
Comestibles
 e - 12 rations


   Skills:
 * Level 6.3 Fighting
 * Level 7.1 Axes
 + Level 5.8 Armour
 + Level 4.5 Dodging
 + Level 5.8 Shields


You had 7 spell levels left.
You didn't know any spells.
Your spell library was empty.

Dungeon Overview and Level Annotations

Branches:
Dungeon (6/15)
 Temple: D:4-7

Altars:


Innate Abilities, Weirdness & Mutations

You are resistant to damage.
You can heal yourself by infusing magical energy.
You passively map a small area around you.
You do not regenerate.


Message History

You block the ogre's attack.
You slash the ogre!
You kill the ogre!
No target in view!
No target in view!
No target in view!
No target in view!
No target in view!
No target in view!
No target in view!
No target in view!
No target in view!
No target in view!
No target in view!
No target in view!
No target in view!
Things that are here:
a +0 giant club; a ring mail
Found a dagger.
A crimson imp comes into view.
The crimson imp shouts!
A crimson imp is nearby!
The crimson imp hits you but does no damage.
You barely miss the crimson imp. You block the crimson imp's attack.
A scorpion comes into view.
You closely miss the crimson imp. The crimson imp misses you.
You closely miss the crimson imp.
The crimson imp blinks!
The crimson imp blinks!
The crimson imp blinks!
You hit the scorpion.
The scorpion is moderately wounded.
A bullfrog comes into view.
You block the scorpion's attack.
The bullfrog moves out of view.
You slash the scorpion!
The scorpion is almost dead.
The scorpion barely misses you.
The scorpion stings you but does no damage.
You slash the scorpion!
You kill the scorpion!
The crimson imp shouts, "Scamper away, thou surly boodle-bothering vassal!"
A crimson imp is nearby!
A crimson imp is nearby!
A crimson imp is nearby!
A crimson imp is nearby!
The crimson imp picks up a beetle and eats it.
You block the crimson imp's attack.
You slash the crimson imp!
The crimson imp is almost dead.
The crimson imp barely misses you.
You closely miss the crimson imp.
The crimson imp is almost dead.
The crimson imp misses you.
You closely miss the crimson imp.
The crimson imp is severely wounded.
The crimson imp closely misses you.
You barely miss the crimson imp.
The crimson imp is severely wounded.
The crimson imp hits you.
The crimson imp blinks!
You barely miss the crimson imp.
The crimson imp is heavily wounded.
You block the crimson imp's attack.
You miss the crimson imp.
The crimson imp is heavily wounded.
You block the crimson imp's attack.
You slash the crimson imp!
You kill the crimson imp!
No target in view!
No target in view!
No target in view!
No target in view!
You open the door.
An ogre comes into view. It is wielding a +0 giant spiked club.
The ogre shouts!
An ogre is nearby!
An ogre is nearby!
An ogre is nearby!
Found 13 gold pieces.
There is an open door here.
You slash the ogre!
The ogre is heavily wounded.
You block the ogre's attack.
You hit the ogre.
The ogre is severely wounded.
The ogre hits you with a +0 giant spiked club!
You barely miss the ogre.
The ogre is severely wounded.
The ogre hits you with a +0 giant spiked club!!
* * * LOW HITPOINT WARNING * * *
You are too injured to fight recklessly!
You are too injured to fight recklessly!
You are too injured to fight recklessly!
You are too injured to fight recklessly!
You are too injured to fight recklessly!
You are too injured to fight recklessly!
You are too injured to fight recklessly!
You are too injured to fight recklessly!
An ogre is nearby!
You fail to use your ability.
The ogre hits you with a +0 giant spiked club!!
You die...

.......................
,
.......#...............
, ,
...#................. ,
###.###....##...#.....
, ,
+..................., ,
####.##...........
#..#...........
..#####'#........
#.....@......... ,
#.....O.........
.................,
$.........##.... , ,
..........# ,..
...#####..# # * ...
*..# * * , .. ..# * , *


You could see an ogre.

Vanquished Creatures
  Grinder (D:5)
  A yak (D:4)
  A sky beast (D:5)
  An ice beast (D:5)
  2 phantoms (D:4)
  2 ogres
  6 big kobolds (D:5)
  2 scorpions
  A howler monkey (D:4)
  A crimson imp (D:6)
  2 hounds (D:4)
  A centaur skeleton (D:5)
  An orc priest (D:4)
  A bullfrog skeleton (D:5)
  2 iguanas (D:5)
  2 orc wizards
  2 worker ants (D:4)
  A hound zombie (D:5)
  3 adders (D:4)
  2 gnolls (D:5)
  An adder zombie (D:5)
  An adder skeleton (D:4)
  4 worms
  3 dart slugs
  2 leopard geckos (D:4)
  10 orcs
  2 ball pythons
  A giant cockroach (D:4)
  6 hobgoblins
  4 jackals (D:5)
  43 kobolds
  2 quokkas
  A ball python skeleton (D:4)
  3 frilled lizards
  2 rats
120 creatures vanquished.

Notes
Turn   | Place    | Note
-------+----------+-------------------------------------------
     0 | D:1      | EnegeticOcto the Deep Dwarf Fighter began the quest for the
                  | Orb.
     0 | D:1      | Reached XP level 1. HP: 20/20 MP: 1/1
   144 | D:2      | Found a faded altar of an unknown god.
   164 | D:2      | Reached XP level 2. HP: 17/27 MP: 2/2
   393 | D:4      | Reached XP level 3. HP: 34/34 MP: 3/3
   451 | D:4      | Reached skill level 3 in Axes
   451 | D:4      | Reached skill level 1 in Dodging
   466 | D:4      | Reached XP level 4. HP: 23/42 MP: 4/4
   565 | D:4      | Reached XP level 5. HP: 36/50 MP: 5/5
   612 | D:4      | Noticed a yak
   639 | D:4      | Killed a yak
   639 | D:4      | Reached skill level 4 in Axes
   639 | D:4      | Reached XP level 6. HP: 41/57 MP: 6/6
   857 | D:4      | Reached XP level 7. HP: 57/66 MP: 5/5
   891 | D:4      | Reached skill level 5 in Axes
  1186 | D:5      | Entered Level 5 of the Dungeon
  1448 | D:5      | Reached skill level 5 in Fighting
  1547 | D:5      | Noticed Grinder
  1575 | D:5      | Paralysed by Grinder for 5 turns
  1588 | D:5      | Killed Grinder
  1588 | D:5      | Reached skill level 5 in Armour
  1588 | D:5      | Reached skill level 5 in Shields
  1588 | D:5      | Reached XP level 8. HP: 51/74 MP: 6/6
  1729 | D:5      | Reached skill level 6 in Axes
  2353 | D:5      | Reached skill level 7 in Axes
  2483 | D:6      | Mangled by an ogre

Levels and vault maps discovered:
D:1:      scummos_arrival_simple_fountains, layout_loops_ring,
          minmay_split_cup_large
D:2:      layout_loops_ring, minitemple, chequers_ecumenical_altar_simple
D:3:      minmay_thinvault, layout_basic
D:4:      cheibrodos_barr_body, layout_basic
D:5:      minmay_goblin_kobold_castle, layout_basic, first_ration,
          kennysheep_generic_room_2, uniq_grinder
D:6:      minmay_chambers_of_fours, layout_basic, kennysheep_little_box,
          lemuel_blue_sif_altar, uniq_menkaure, uniq_prince_ribbit1

Skill      XL: |  1  2  3  4  5  6  7  8 |
---------------+-------------------------+-----
Fighting       | 3 4 5 6 |  6.3
Axes           | 3 4 5 7 |  7.1
Dodging        | 1 2 3 4 |  4.5
Armour         | 4 5 |  5.8
Shields        | 4 5 |  5.8

Action                   |  1- 3 |  4- 6 |  7- 9 || total
-------------------------+-------+-------+-------++-------
Melee: War axe           |    67 |   157 |   216 ||   440
 Abil: Heal Wounds       |     3 |     4 |     3 ||    10
  Eat: Chunk             |       |     1 |     4 ||     5
Armor: Scale mail        |    18 |    65 |    86 ||   169
Dodge: Dodged            |    13 |    68 |    75 ||   156
Block: Kite shield       |    34 |    89 |   134 ||   257

Table legend:
 A = Non-vault XP
 B = Vault XP
 C = Vault XP percentage of total XP
 D = Non-vault monster count
 E = Vault monster count
 F = Vault count percentage of total count
                 A         B        C        D         E       F
            +---------+---------+-------+---------+---------+-------
      Total |    1425 |    1320 |  48.1 |      57 |      63 |  52.5
            +---------+---------+-------+---------+---------+-------
        D:1 |       2 |       0 |   0.0 |       1 |       0 |   0.0
        D:2 |      18 |       0 |   0.0 |       8 |       0 |   0.0
        D:3 |       4 |       0 |   0.0 |       3 |       0 |   0.0
        D:4 |     595 |     356 |  37.4 |      24 |      10 |  29.4
        D:5 |     562 |     964 |  63.2 |      18 |      53 |  74.6
        D:6 |     244 |       0 |   0.0 |       3 |       0 |   0.0
            +---------+---------+-------+---------+---------+-------
